details: '2v2_gayestbeststrat_2'

« prev index next »

General information

Mini Map

Players

team 1
UndeadDoc.Pimpin (green | 58 APM | 174 actions | 02:59)

» actions
Basic commands1
Build / train10
Enter build submenu7
Remove unit from queue1
Right click88
Select / deselect62
Use ability5
174 total
» units
Acolyte2
Ghoul4
Crypt Fiend1
7 total
» buildings
Graveyard1
Crypt1
Ziggurat2
Altar of Darkness1
5 total
» build order
00:09 Graveyard
00:14 Crypt
00:26 Ziggurat
00:47 Altar of Darkness
02:34 Ziggurat
NightElfWhat (blue | 45 APM | 133 actions | 02:55)

» actions
Assign group hotkey2
Basic commands2
Build / train13
ESC pressed1
Enter build submenu7
Right click54
Select / deselect42
Select group hotkey4
Use ability8
133 total
» units
Wisp10
10 total
» buildings
Altar of Elders1
Moon Well1
Ancient of War1
Ancient of Wonders2
5 total
» build order
00:10 Altar of Elders
00:18 Moon Well
00:51 Ancient of War
01:21 Ancient of Wonders
01:49 Ancient of Wonders
team 2
Humancalpants (yellow | 126 APM | 379 actions | 03:01)

» actions
Assign group hotkey3
Basic commands37
Build / train13
Enter build submenu12
Right click199
Select / deselect68
Select group hotkey14
Use ability33
379 total
» units
Peasant9
9 total
» buildings
Lumber Mill1
Scout Tower6
Farm2
Guard Tower4
Altar of Kings1
14 total
» build order
00:20 Lumber Mill
00:52 Scout Tower
00:54 Scout Tower
00:55 Scout Tower
00:56 Scout Tower
01:01 Farm
01:24 Guard Tower
01:24 Guard Tower
01:24 Guard Tower
01:31 Farm
01:44 Guard Tower
02:01 Altar of Kings
02:25 Scout Tower
02:35 Scout Tower
OrcComputer(Elite) (pink | 22 APM | 66 actions | 03:00)
Hero icon 1 Blademaster
Ability icon 1 Wind Walk

» actions
Build / train5
Enter build submenu4
Enter hero's abilities submenu1
Right click28
Select / deselect23
Use ability5
66 total
» units
Peon3
3 total
» buildings
Altar of Storms1
Orc Burrow2
Barracks1
4 total
» build order
00:08 Altar of Storms
00:14 Orc Burrow
02:22 Barracks
02:46 Orc Burrow